[Event "Team 45 45 League T47"]
[Site "Internet Chess Club"]
[Date "2010.11.22"]
[Round "3"]
[White "Tamarin"]
[Black "crazyhorses"]
[Result "1/2-1/2"]
[WhiteElo "1769"]
[BlackElo "1536"]
[Opening "QGD: Albin counter-gambit"]
[ECO "D08"]
[Time "03:31:57"]
[TimeControl "2700+45"]

1. d4 d5 2. c4 e5 3. dxe5 d4 4. Nf3 c5 5. Bf4 Nc6 6. e3 Bg4 7. h3 Bh5 8. g4 Bg6
9. Bd3 Bxd3 10. Qxd3 dxe3 11. Qxd8+ Rxd8 12. Bxe3 Nb4 13. Na3 b6 14. O-O a6 15.
b3 Ne7 16. Bd2 Nec6 17. Rfd1 Be7 18. Bxb4 Nxb4 19. Rxd8+ Kxd8 20. Rd1+ Kc7 21.
Rd2 Re8 22. Nb1 h6 23. a3 Nc6 24. h4 Bf8 25. Re2 f6 26. Kf1 fxe5 27. Nc3 Bd6 28.
Nd5+ Kb7 29. Nd2 Bb8 30. f4 Nd4 31. Re4 Rf8 32. Kg2 exf4 33. Re7+ Kc6 34. Rxg7
Re8 35. Re7 Rxe7 36. Nxe7+ Kd7 37. Ng8 Ke6 38. Nxh6 Kf6 39. g5+ Kg6 40. b4 cxb4
41. axb4 Bd6 42. c5 bxc5 43. bxc5 Bxc5 44. Ng8 a5 45. Nf6 a4 46. Nde4 a3 47. h5+
Kg7 48. h6+ Kh8 49. g6 Nf5 50. g7+ Nxg7 51. hxg7+ Kxg7 52. Nh5+ Kf7 53. Nxc5 a2
54. Nb3 Ke6 55. Nxf4+ Ke5 56. Nd3+ Ke4 57. Ndc1 a1=N 58. Nxa1 Kd4 59. Nab3+ Kc3
60. Kf2 Kc4 61. Ke2 Kd5 62. Kd3 Ke5 63. Ne2 Kd5 64. Nbd4 Ke5 65. Nf3+ Kd5 66.
Nf4+ Kc5 67. Kc3 Kd6 68. Kd4 Kc6 69. Ng5 Kd6 70. Ne4+ {Game drawn by mutual
agreement} 1/2-1/2

[Event "Team 45 45 League T47"]
[Site "Internet Chess Club"]
[Date "2010.11.20"]
[Round "3"]
[White "Nathaniel2"]
[Black "badmove"]
[Result "0-1"]
[WhiteElo "1378"]
[BlackElo "1717"]
[Opening "Giuoco piano"]
[ECO "C50"]
[Time "14:17:52"]
[TimeControl "2700+45"]

1. e4 e5 2. Nf3 Nc6 3. Bc4 Bc5 4. O-O Nf6 5. d4 Bxd4 6. Nxd4 Nxd4 7. Bg5 d6 8.
f4 Qe7 9. f5 Bd7 10. c3 Nc6 11. Nd2 Na5 12. Be2 b6 13. b4 Nc6 14. a4 a5 15. b5
Nd8 16. Qc2 Nb7 17. Nb3 h6 18. Be3 g6 19. fxg6 fxg6 20. Rf3 O-O-O 21. Bf2 Rdf8
22. Nd2 Ng4 23. Rxf8+ Rxf8 24. Bxg4 Bxg4 25. Nc4 Qf7 26. Ne3 Be6 27. c4 Nc5 28.
Nd5 Bxd5 29. cxd5 Kb7 30. Ra3 g5 31. Rf3 Qe7 32. Rxf8 Qxf8 33. Bxc5 dxc5 34. Qd2
Qf4 35. Qxf4 gxf4 36. h3 Kc8 37. Kf2 Kd7 38. g3 fxg3+ 39. Kxg3 Ke7 40. Kg4 Kf6
41. h4 c4 42. Kf3 c3 43. Ke3 Kg6 44. Kd3 Kh5 45. Kxc3 Kxh4 46. Kd3 Kg3 47. Ke3
h5 48. Ke2 Kg2 {White resigns} 0-1

[Event "Team 45 45 League T47"]
[Site "Internet Chess Club"]
[Date "2010.11.18"]
[Round "3"]
[White "MateIn42"]
[Black "one-over"]
[Result "1-0"]
[WhiteElo "1431"]
[BlackElo "1339"]
[Opening "French defense"]
[ECO "C00"]
[Time "21:00:20"]
[TimeControl "2700+45"]

1. e4 e6 2. g3 d5 3. Bg2 c6 4. e5 c5 5. c4 Nc6 6. cxd5 exd5 7. Nc3 Be6 8. Nf3
Nge7 9. d4 c4 10. Bg5 a6 11. b3 Qa5 12. Qd2 Ng6 13. O-O Bb4 14. Rfc1 b5 15. Qb2
Bxc3 16. Rxc3 b4 17. Rcc1 c3 18. Qb1 Qb6 19. Be3 a5 20. a3 O-O 21. Rc2 Nge7 22.
Rca2 Nf5 23. axb4 axb4 24. Rxa8 Qb5 25. Rxf8+ Kxf8 26. Bf1 Qb7 27. Qa2 h6 28.
Qa8+ Qxa8 29. Rxa8+ Ke7 30. Ra6 Bd7 31. Bd3 Nxe3 32. fxe3 Nb8 33. Rb6 Nc6 34.
Ne1 Kd8 35. Nc2 Kc7 36. Rxb4 Nxb4 37. Nxb4 Be6 38. Na2 Kb6 39. Nxc3 Ka5 40. Na2
f6 41. exf6 gxf6 42. Kf2 Bd7 43. Kf3 f5 44. Kf4 Kb6 45. Bxf5 {Black resigns} 1-0

[Event "Team 45 45 League T47"]
[Site "Internet Chess Club"]
[Date "2010.11.20"]
[Round "3"]
[White "wekabird"]
[Black "LeanSixSigma"]
[Result "0-1"]
[WhiteElo "1189"]
[BlackElo "1466"]
[Opening "English: symmetrical variation"]
[ECO "A35"]
[Time "18:00:17"]
[TimeControl "2700+45"]

1. c4 c5 2. Nc3 Nc6 3. d3 Nf6 4. e3 d6 5. h3 e5 6. e4 h6 7. g3 Bd7 8. Bg2 Be7 9.
Nf3 Nb4 10. O-O Qc8 11. Kh2 Be6 12. a3 Nc6 13. b3 Bd8 14. Bb2 Ne7 15. Re1 Ng6
16. Ne2 Ba5 17. Rf1 Qc7 18. Rc1 Qd7 19. Bc3 Bb6 20. a4 a5 21. Nh4 Nxh4 22. gxh4
O-O-O 23. f4 exf4 24. Nxf4 Rde8 25. Nxe6 Rxe6 26. Bxf6 gxf6 27. Bf3 f5 28. exf5
Rf6 29. Rc2 Kb8 30. Qa1 Bd8 31. Bd5 Re8 32. Qd1 Re5 33. Re2 Rexf5 34. Rxf5 Qxf5
35. Qg1 Qf4+ 36. Kh1 Rg6 37. Bg2 Qxh4 38. Re4 Qg3 39. Rg4 Rxg4 40. hxg4 Qh4+ 41.
Qh2 Qxh2+ 42. Kxh2 Bg5 43. Bd5 f6 44. Kg3 Kc7 45. Kf3 b6 46. Ke4 Kd8 47. Kf5 Ke7
48. Ke4 Kf8 49. d4 Kg7 50. dxc5 bxc5 51. Be6 Kf8 52. Kd5 Bf4 53. Kc6 Ke7 54. Bd5
f5 55. gxf5 Kf6 56. Be6 h5 57. Kb6 Bd2 58. Kb5 h4 59. Kc6 Ke5 60. Kd7 Bg5 61.
Bd5 h3 62. Kc6 h2 63. Kb5 Bd2 64. Kc6 Kxf5 65. Kxd6 Bb4 66. Kc6 Ke5 67. Kb6 Kd4
68. Kb5 Kc3 69. Kb6 Kxb3 70. Kb5 Ka3 71. Bc6 Kb2 72. Bd5 Kc3 73. Bc6 Kd2 74. Bd5
Ke1 75. Bc6 Kf2 76. Bd5 Kg1 77. Bc6 h1=Q 78. Bxh1 Kxh1 79. Kb6 Kg1 80. Kb5 Kf2
81. Kb6 Ke3 82. Kb5 Kd4 83. Kc6 Kxc4 84. Kd6 Kb3 85. Kd5 c4 86. Kd4 c3 87. Kd3
c2 {White resigns} 0-1

[Event "Team 45 45 League T47"]
[Site "Internet Chess Club"]
[Date "2010.11.21"]
[Round "3"]
[White "jjaillet2007"]
[Black "Conjurer"]
[Result "1-0"]
[WhiteElo "1292"]
[BlackElo "1166"]
[Opening "QGD: 4.Bg5 Be7"]
[ECO "D53"]
[Time "21:05:16"]
[TimeControl "2700+45"]

1. d4 Nf6 2. c4 e6 3. Bg5 d5 4. Nc3 Be7 5. cxd5 Nxd5 6. Bxe7 Nxe7 7. e4 Nbc6 8.
Nf3 Ng6 9. Bb5 O-O 10. O-O e5 11. d5 Nce7 12. Re1 a6 13. Bd3 c6 14. Bc2 cxd5 15.
exd5 Nf4 16. Rxe5 b5 17. d6 Nc6 18. Re4 Qf6 19. Nd5 Nxd5 20. Qxd5 Bd7 21. Ne5
Nxe5 22. Qxe5 Rac8 23. Qxf6 gxf6 24. Bd1 Rfe8 25. Bf3 Re6 26. Rxe6 fxe6 27. Bb7
Rc2 28. b4 Bc8 29. Bxc8 Rxc8 30. d7 Rd8 31. Rd1 Kf7 32. f4 Ke7 33. Kf2 Rxd7 34.
Rxd7+ Kxd7 35. Ke3 e5 36. fxe5 fxe5 37. Ke4 Ke6 38. g4 h6 39. h4 Kf6 40. g5+
hxg5 41. hxg5+ Kxg5 42. Kxe5 Kg4 43. Kd5 Kf4 44. Kc5 Ke4 45. Kb6 Kd4 46. Kxa6
Kc4 47. a3 Kb3 48. Kxb5 Kxa3 49. Ka5 Kb3 50. b5 Kc4 51. b6 Kc5 52. b7 Kc6 53.
Ka6 Kc7 54. Ka7 Kc6 55. b8=Q Kc5 56. Qf4 Kc6 57. Qe5 Kd7 58. Kb6 Kd8 59. Kc6
{Black resigns} 1-0

[Event "Team 45 45 League T47"]
[Site "Internet Chess Club"]
[Date "2010.11.21"]
[Round "3"]
[White "guyd52"]
[Black "anatolybcn"]
[Result "0-1"]
[WhiteElo "1232"]
[BlackElo "1125"]
[Opening "Réti opening"]
[ECO "A04"]
[Time "17:01:51"]
[TimeControl "2700+45"]

1. Nf3 c5 2. g3 h6 3. Bg2 d6 4. d3 e5 5. O-O Be7 6. Nbd2 Nc6 7. a3 Nf6 8. Nc4
Rb8 9. Bd2 Nd4 10. e3 Nxf3+ 11. Bxf3 b6 12. b4 Bb7 13. b5 Bxf3 14. Qxf3 d5 15.
Nxe5 Rc8 16. Bc3 O-O 17. Nc6 Rxc6 18. bxc6 Qc8 19. Be5 Qxc6 20. a4 Qe6 21. d4 c4
22. Rfe1 Ne4 23. a5 b5 24. Qh5 a6 25. f3 Ng5 26. Bc7 Qf5 27. f4 Nh3+ 28. Qxh3
Qxh3 29. c3 Qg4 30. Kf2 h5 31. h4 Qf5 32. Rac1 Ba3 33. Rcd1 Qc2+ {White resigns}
0-1

[Event "Team 45 45 League T47"]
[Site "Internet Chess Club"]
[Date "2010.11.20"]
[Round "3"]
[White "Mclintock45"]
[Black "WilmaP"]
[Result "0-1"]
[WhiteElo "1004"]
[BlackElo "1147"]
[Opening "French: Schlechter variation"]
[ECO "C01"]
[Time "11:00:36"]
[TimeControl "2700+45"]

1. e4 e6 2. d4 d5 3. Bd3 c5 4. c3 Nc6 5. Nf3 Qb6 6. O-O Nge7 7. e5 c4 8. Bc2 f6
9. Ba4 Qc7 10. Re1 Ng6 11. exf6 gxf6 12. Nbd2 Bd7 13. Bc2 O-O-O 14. b3 Bd6 15.
bxc4 dxc4 16. Nxc4 Be7 17. d5 exd5 18. Qxd5 Bg4 19. Bf5+ Kb8 20. Qc5 Bxc5 21.
Bxg4 h5 22. Bf5 Nf4 23. g3 Nd3 24. Re4 Nxc1 25. Rxc1 Rd3 26. Kg2 h4 27. gxh4
Qg7+ 28. Kf1 Rxf3 29. Ke2 Rxf2+ 30. Kd3 Rxf5 31. a4 Rd8+ 32. Kc2 Qg2+ 33. Kb3
Qxe4 34. a5 Qf4 35. a6 Qxc1 36. axb7 Kxb7 37. Ka4 Qa1+ 38. Kb5 a6# {White
checkmated} 0-1

[Event "Team 45 45 League T47"]
[Site "Internet Chess Club"]
[Date "2010.11.22"]
[Round "3"]
[White "Skylab"]
[Black "Just-Jim"]
[Result "0-1"]
[WhiteElo "1268"]
[BlackElo "1396"]
[Opening "QGD Slav defense"]
[ECO "D10"]
[Time "12:00:06"]
[TimeControl "2700+45"]

1. d4 d5 2. c4 c6 3. e3 Nf6 4. Nc3 h6 5. Nf3 Bg4 6. Be2 Nbd7 7. O-O e6 8. c5 Be7
9. h3 Bh5 10. Re1 Nh7 11. Bd3 f5 12. Be2 O-O 13. Ne5 Bxe2 14. Qxe2 Nxe5 15. dxe5
Bxc5 16. Na4 Bb4 17. Bd2 Be7 18. a3 Ng5 19. Bb4 Bxb4 20. axb4 Qc7 21. Nc5 b6 22.
h4 bxc5 23. hxg5 hxg5 24. bxc5 Qxe5 25. Rab1 Rf6 26. g3 Rh6 27. Qf3 Rf8 28. Qg2
Qf6 29. b4 e5 30. b5 e4 31. b6 axb6 32. cxb6 Rb8 33. b7 Qf7 34. g4 Rxb7 35. Qg3
Rxb1 36. Rxb1 fxg4 37. Qb8+ Kh7 38. Kg2 Qf3+ 39. Kf1 Rh1# {White checkmated} 0-1

[Event "Team 45 45 League T47"]
[Site "Internet Chess Club"]
[Date "2010.11.20"]
[Round "3"]
[White "WzeroMN"]
[Black "JimGaming"]
[Result "1-0"]
[WhiteElo "1181"]
[BlackElo "1238"]
[Opening "Sicilian: Hungarian variation"]
[ECO "B27"]
[Time "14:00:11"]
[TimeControl "2700+45"]

1. e4 c5 2. Nf3 g6 3. Bc4 Bg7 4. c3 e6 5. d4 cxd4 6. cxd4 d5 7. exd5 exd5 8. Bb3
Nf6 9. O-O O-O 10. Re1 Bg4 11. Bg5 h6 12. Bh4 Nc6 13. Re3 g5 14. Bg3 Ne4 15. Qd3
Bxf3 16. Rxf3 Nxg3 17. Rxg3 Bxd4 18. Nc3 Bxc3 19. bxc3 Ne7 20. f4 Qb6+ 21. Kh1
Qg6 22. Qf3 Rad8 23. fxg5 hxg5 24. Rc1 f5 25. h4 Qh6 26. Rxg5+ Kh7 27. Rh5 Rf6
28. Rxh6+ Rxh6 29. g3 Rg6 30. Re1 Rd7 31. Rd1 Rg4 32. Bxd5 Rxd5 33. Rxd5 Nxd5
34. Qxf5+ Rg6 35. h5 {Black resigns} 1-0

[Event "Team 45 45 League T47"]
[Site "Internet Chess Club"]
[Date "2010.11.20"]
[Round "3"]
[White "MeansToAnEnd"]
[Black "CoasterBrake"]
[Result "0-1"]
[WhiteElo "1182"]
[BlackElo "1165"]
[Opening "QGD: Harrwitz attack"]
[ECO "D35"]
[Time "13:00:41"]
[TimeControl "2700+45"]

1. d4 d5 2. c4 Nf6 3. Nc3 e6 4. Bf4 Bd6 5. Bxd6 Qxd6 6. e3 O-O 7. Nf3 Nc6 8. Bd3
e5 9. cxd5 Nxd5 10. Nxd5 Qxd5 11. dxe5 Qa5+ 12. Qd2 Bg4 13. Qxa5 Nxa5 14. Be2
Bxf3 15. Bxf3 c6 16. Bg4 Nc4 17. e6 Nxb2 18. exf7+ Kxf7 19. O-O Nc4 20. Rfd1
Rad8 21. Rd7+ Rxd7 22. Bxd7 Ne5 23. Bf5 g6 24. Bc2 Rd8 25. f4 Ng4 26. Re1 Rd2
27. Bb3+ Kf6 28. e4 Nf2 29. h3 Nd3 30. e5+ Ke7 31. Re3 Nxf4 32. g3 Nxh3+ 33. Kf1
Ng5 34. Ke1 Rd4 35. Bc2 c5 36. a4 b6 37. a5 b5 38. Ke2 c4 39. a6 Ke6 40. Ke1 Rd5
41. Re2 Rxe5 42. g4 Nf3+ 43. Kd1 Rxe2 44. Kxe2 Nd4+ 45. Kd2 Nxc2 46. Kxc2 Kd5
47. Kc3 h6 48. Kb4 Kc6 49. Kc3 h5 50. gxh5 gxh5 51. Kb4 h4 52. Kc3 h3 {White
resigns} 0-1

[Event "Team 45 45 League T47"]
[Site "Internet Chess Club"]
[Date "2010.11.17"]
[Round "3"]
[White "JWB"]
[Black "crimsonviper"]
[Result "0-1"]
[WhiteElo "1618"]
[BlackElo "1587"]
[Opening "QGD Slav: 3.Nf3"]
[ECO "D11"]
[Time "14:04:13"]
[TimeControl "2700+45"]

1. c4 c6 2. d4 d5 3. Nf3 e6 4. Nc3 Bd6 5. e3 Nf6 6. Qc2 O-O 7. b3 Nbd7 8. Bb2 b6
9. Bd3 Bb7 10. O-O Rc8 11. Qe2 c5 12. dxc5 Nxc5 13. Bc2 dxc4 14. bxc4 Bb8 15.
Rfd1 Qc7 16. Nb5 Bxf3 17. Nxc7 Bxe2 18. Re1 Bxc4 {White resigns} 0-1

[Event "Team 45 45 League T47"]
[Site "Internet Chess Club"]
[Date "2010.11.21"]
[Round "3"]
[White "whiskeytown"]
[Black "rayngrant"]
[Result "1-0"]
[WhiteElo "1500"]
[BlackElo "1581"]
[Opening "French: King's Indian attack"]
[ECO "C00"]
[Time "20:02:53"]
[TimeControl "2700+45"]

1. e4 e6 2. d3 d5 3. Nd2 c5 4. Ngf3 Nc6 5. g3 Nge7 6. Bg2 Ng6 7. O-O Be7 8. Re1
O-O 9. e5 Qc7 10. Qe2 b5 11. Nf1 Bb7 12. h4 Nd4 13. Nxd4 cxd4 14. h5 Nh8 15. Qg4
f5 16. exf6 Bxf6 17. Qxe6+ Qf7 18. Qxf7+ Nxf7 19. Bf4 Rae8 20. Nd2 Bc6 21. Nb3
Be7 22. Nxd4 Bd7 23. Bxd5 Bc5 24. Ne6 Bxe6 25. Rxe6 Rxe6 26. Bxe6 Kh8 27. Bxf7
Rxf7 28. Re1 h6 29. Re5 {Black resigns} 1-0

[Event "Team 45 45 League T47"]
[Site "Internet Chess Club"]
[Date "2010.11.21"]
[Round "3"]
[White "philosopherking"]
[Black "GadsHill"]
[Result "1-0"]
[WhiteElo "1514"]
[BlackElo "1523"]
[Opening "QGD: Cambridge Springs defense"]
[ECO "D52"]
[Time "20:00:35"]
[TimeControl "2700+45"]

1. d4 d5 2. c4 e6 3. Nc3 Nf6 4. Bg5 Nbd7 5. e3 c6 6. Nf3 Qa5 7. Bd3 dxc4 8. Bxc4
Ne4 9. Bf4 Nxc3 10. bxc3 Qxc3+ 11. Nd2 Bb4 12. Rc1 Qxd2+ 13. Qxd2 Bxd2+ 14. Kxd2
O-O 15. e4 Nf6 16. f3 Rd8 17. Ke3 b5 18. Bb3 Bb7 19. Bg5 Rd7 20. e5 Nd5+ 21. Kf2
Rc8 22. Rhd1 a6 23. g4 Rdc7 24. Rc5 h6 25. Bh4 g5 26. Bg3 Kg7 27. Rdc1 Nb4 28.
Ke3 Nd5+ 29. Bxd5 exd5 30. h4 Re7 31. R5c2 Re6 32. h5 Rf8 33. f4 f5 34. gxf5
Rxf5 35. fxg5 Rxg5 36. Bh4 Rxh5 37. Bf6+ Kf7 38. Rg2 Rxf6 39. exf6 Kxf6 40. Rf1+
Rf5 41. Rxf5+ Kxf5 42. Rg7 Bc8 43. Rc7 Be6 44. Rxc6 h5 45. Rxa6 h4 46. Kf3 h3
47. Kg3 Ke4 48. Rxe6+ Kxd4 49. Rc6 Kd3 50. Rc5 b4 51. Rxd5+ Kc3 52. Ra5 b3 53.
axb3 {Black resigns} 1-0

[Event "Team 45 45 League T47"]
[Site "Internet Chess Club"]
[Date "2010.11.19"]
[Round "3"]
[White "tightfist"]
[Black "FractalDante"]
[Result "1-0"]
[WhiteElo "1551"]
[BlackElo "1457"]
[Opening "Polish (Sokolsky) opening"]
[ECO "A00"]
[Time "20:06:45"]
[TimeControl "2700+45"]

1. b4 Nf6 2. Bb2 e6 3. b5 b6 4. c4 Bb7 5. e3 Be7 6. Nf3 d6 7. Nc3 Nbd7 8. d4 Ne4
9. Be2 O-O 10. O-O Ndf6 11. Qc2 Nxc3 12. Bxc3 Ne4 13. Bb2 f5 14. Rfd1 Bf6 15.
Ne5 Qe8 16. Nd3 a6 17. a4 axb5 18. axb5 Qg6 19. Nf4 Qf7 20. f3 e5 21. dxe5 dxe5
22. Rxa8 Rxa8 23. c5 Qe7 24. Bc4+ Kh8 25. Nd5 Qxc5 26. fxe4 Bxd5 27. exd5 Qxe3+
28. Qf2 Qxf2+ 29. Kxf2 e4 30. Bxf6 gxf6 31. Ke3 Kg7 32. d6 cxd6 33. Rxd6 Rb8 34.
h4 Kg6 35. Be6 Kh5 36. Bxf5 Kxh4 37. Bxh7 {Black resigns} 1-0

[Event "Team 45 45 League T47"]
[Site "Internet Chess Club"]
[Date "2010.11.22"]
[Round "3"]
[White "Mark-SF"]
[Black "VietLion"]
[Result "0-1"]
[WhiteElo "1757"]
[BlackElo "1900"]
[Opening "Sicilian: dragon, Yugoslav attack, 10.O-O-O"]
[ECO "B78"]
[Time "15:32:50"]
[TimeControl "2700+45"]

1. e4 c5 2. Nf3 d6 3. d4 cxd4 4. Nxd4 Nf6 5. Nc3 g6 6. Be3 Bg7 7. f3 O-O 8. Qd2
Nc6 9. Bc4 Bd7 10. O-O-O Qb8 11. a3 Rc8 12. Ba2 b5 13. Ncxb5 Ne5 14. Nc3 Nc4 15.
Bxc4 Rxc4 16. b3 Rc7 17. Qd3 a6 18. Kd2 Qc8 19. Rc1 Qb7 20. Ke2 e5 21. a4 exd4
22. Bxd4 Rac8 23. Bxf6 Rxc3 24. Bxc3 Rxc3 25. Qxd6 Qa7 26. Qd2 a5 27. Rhd1 Bc8
28. Qd8+ Bf8 29. Qd4 Ba6+ 30. Ke1 Qc7 31. Qf6 Rxc2 32. Qg5 Bb4+ 33. Rd2 Rxc1+
{White resigns} 0-1

[Event "Team 45 45 League T47"]
[Site "Internet Chess Club"]
[Date "2010.11.23"]
[Round "3"]
[White "Bacon1290"]
[Black "oldsj"]
[Result "1/2-1/2"]
[WhiteElo "1685"]
[BlackElo "1647"]
[Opening "Ruy Lopez: open, St. Petersburg variation"]
[ECO "C82"]
[Time "17:01:45"]
[TimeControl "2700+45"]

1. e4 e5 2. Nf3 Nc6 3. Bb5 a6 4. Ba4 Nf6 5. O-O Nxe4 6. d4 b5 7. Bb3 d5 8. dxe5
Be6 9. c3 Bc5 10. Nbd2 Nxd2 11. Bxd2 O-O 12. Bg5 Be7 13. Bxe7 Nxe7 14. Qd3 Bf5
15. Qd4 c6 16. Nh4 Be4 17. f3 Nf5 18. Nxf5 Bxf5 19. g4 Bg6 20. f4 Be4 21. Qf2
Qe7 22. Bc2 Bxc2 23. Qxc2 Qh4 24. Qg2 Rae8 25. Rf3 Qe7 26. Qf2 f6 27. Re1 fxe5
28. Rxe5 Qd6 29. Rfe3 Rxe5 30. fxe5 Qg6 31. Qe2 Re8 32. e6 Re7 33. h4 Qb1+ 34.
Kh2 Qxa2 35. Qf2 d4 36. Rf3 h6 37. Rf8+ Kh7 38. Qf5+ g6 39. Rf7+ Rxf7 40. Qxf7+
Kh8 41. Qf6+ Kh7 42. e7 Qxb2+ 43. Kg1 Qc1+ 44. Kg2 Qc2+ 45. Kh1 Qc1+ 46. Kg2
Qc2+ 47. Kf1 Qd1+ 48. Kf2 Qd2+ 49. Kg1 Qc1+ 50. Kg2 Qc2+ {Game drawn by
repetition} 1/2-1/2

[Event "Team 45 45 League T47"]
[Site "Internet Chess Club"]
[Date "2010.11.22"]
[Round "3"]
[White "stan-beers"]
[Black "leo6"]
[Result "0-1"]
[WhiteElo "1419"]
[BlackElo "1542"]
[Opening "Bird's opening"]
[ECO "A02"]
[Time "20:02:20"]
[TimeControl "2700+45"]

1. f4 Nf6 2. Nf3 d5 3. e3 e6 4. Be2 Bd6 5. O-O Nc6 6. Bb5 Bd7 7. Bxc6 Bxc6 8. b3
Bb5 9. d3 Qe7 10. Bb2 O-O-O 11. a4 Bd7 12. Bd4 Bc5 13. Nc3 Bxd4 14. Nxd4 e5 15.
Ndb5 a6 16. Qb1 exf4 17. Rxf4 Qxe3+ 18. Rf2 Ng4 19. Qf1 Qxf2+ 20. Qxf2 Nxf2 21.
Kxf2 axb5 22. Nxb5 c6 23. Nd4 Rhe8 24. b4 b6 25. a5 bxa5 26. Rxa5 Kc7 27. Rc5
Kb6 28. g3 Ra8 29. h4 Ra4 30. c3 Ra2+ 31. Kf3 Rd2 32. Ra5 {White resigns} 0-1

[Event "Team 45 45 League T47"]
[Site "Internet Chess Club"]
[Date "2010.11.17"]
[Round "3"]
[White "Lyko"]
[Black "Giacometti"]
[Result "0-1"]
[WhiteElo "1452"]
[BlackElo "1648"]
[Opening "Dutch"]
[ECO "A80"]
[Time "15:00:11"]
[TimeControl "2700+45"]

1. d4 f5 2. Nf3 Nf6 3. Bg5 e6 4. Bxf6 Qxf6 5. e3 d6 6. c4 Be7 7. Nc3 O-O 8. Bd3
e5 9. dxe5 dxe5 10. e4 f4 11. Nd5 Qf7 12. Nxc7 Bb4+ 13. Ke2 Qxc7 14. Qb3 Bc5 15.
Rhd1 Nc6 16. Rac1 Bg4 17. h3 Nd4+ {White resigns} 0-1

[Event "Team 45 45 League T47"]
[Site "Internet Chess Club"]
[Date "2010.11.21"]
[Round "3"]
[White "oldprez"]
[Black "stputte"]
[Result "0-1"]
[WhiteElo "1366"]
[BlackElo "1574"]
[Opening "Giuoco Piano: four knights variation"]
[ECO "C47"]
[Time "12:00:12"]
[TimeControl "2700+45"]

1. e4 Nf6 2. Nc3 e5 3. Nf3 Nc6 4. Bc4 Bc5 5. O-O O-O 6. Re1 d6 7. a3 Bg4 8. b4
Bb6 9. d3 Nd4 10. Na4 Nh5 11. Re3 Nxf3+ 12. Rxf3 Bxf3 13. Qxf3 Qf6 14. Qxf6 Nxf6
15. Nxb6 axb6 16. Bb2 g6 17. f3 Kg7 18. g4 Nd7 19. Bc1 Nb8 20. f4 exf4 21. Bxf4
Nc6 22. Bd2 Ne5 23. Bc3 h6 24. h3 Kh7 25. Bb3 f5 26. a4 fxg4 27. Bxe5 dxe5 28.
hxg4 Rf4 29. Be6 Kg7 30. Rf1 Rxf1+ 31. Kxf1 Rxa4 32. Kf2 Rxb4 33. Ke2 Kf6 34.
Bc8 Kg5 35. Bxb7 Kxg4 36. Bd5 Kf4 37. Kf2 g5 38. Bf7 Rb2 39. Bb3 h5 40. Kg2 g4
41. Kf2 h4 42. Kg2 g3 43. Kh3 Kf3 44. Be6 Kf2 45. c3 g2 46. d4 exd4 47. cxd4
g1=Q 48. Kxh4 Kf3 {White resigns} 0-1

[Event "Team 45 45 League T47"]
[Site "Internet Chess Club"]
[Date "2010.11.22"]
[Round "3"]
[White "dscvdchk"]
[Black "radiohead"]
[Result "0-1"]
[WhiteElo "1497"]
[BlackElo "1431"]
[Opening "QGD semi-Slav: 5.e3"]
[ECO "D45"]
[Time "20:02:11"]
[TimeControl "2700+45"]

1. Nf3 d5 2. d4 Nf6 3. c4 c6 4. Nc3 e6 5. e3 Be7 6. Bd3 O-O 7. O-O Nbd7 8. b3
Qc7 9. Bb2 a6 10. a4 Bb4 11. Qc2 Re8 12. e4 e5 13. cxd5 Bxc3 14. Qxc3 exd4 15.
Nxd4 Ne5 16. Bc2 c5 17. Nf3 Nxf3+ 18. Qxf3 Bg4 19. Qc3 b6 20. h3 Bh5 21. Rfe1
Qf4 22. Bc1 Qe5 23. Qxe5 Rxe5 24. Bb2 Ree8 25. Re3 Nd7 26. e5 Nf8 27. Bd3 Bg6
28. Bxg6 hxg6 29. f4 Rac8 30. Rc1 b5 31. axb5 axb5 32. Kf2 Kh7 33. g4 Rcd8 34.
Rxc5 Rb8 35. h4 Kh6 36. h5 Rb6 37. Rh3 g5 38. Kf3 Nh7 39. Rh1 f6 40. Rhc1 fxe5
41. Bd4 exd4 42. Rc6+ Rxc6 43. Rxc6+ Nf6 44. b4 Re3+ 45. Kf2 Kh7 {White resigns}
0-1

[Event "Team 45 45 League T47"]
[Site "Internet Chess Club"]
[Date "2010.11.22"]
[Round "3"]
[White "chips"]
[Black "JimGaming"]
[Result "1-0"]
[WhiteElo "1265"]
[BlackElo "1223"]
[Opening "Réti opening"]
[ECO "A04"]
[Time "14:31:17"]
[TimeControl "2700+45"]

1. Nf3 c5 2. e3 g6 3. Bc4 d5 4. Be2 Bg7 5. Bb5+ Bd7 6. Bxd7+ Nxd7 7. c3 e5 8. d3
Nh6 9. O-O O-O 10. Nbd2 b5 11. h3 f5 12. a4 b4 13. Qb3 Nb6 14. cxb4 c4 15. dxc4
d4 16. c5+ Qd5 17. Qxd5+ Nxd5 18. exd4 exd4 19. b5 Nb4 20. Ng5 Nc2 21. Ra2 Rae8
22. b3 Nb4 23. Ra3 d3 24. a5 Nf7 25. Ngf3 Re2 26. Ra4 Bc3 27. b6 axb6 28. cxb6
Nc6 29. a6 Ra8 30. b7 Ra7 31. Rc4 Rxa6 32. Rxc3 Rb6 33. Rxc6 Rxb7 34. Rc3 Rd7
35. Re1 Rde7 36. Rc8+ Kg7 37. Bb2+ Kh6 38. Rcc1 Ng5 39. Rxe2 Rxe2 40. Bc3 Nxf3+
41. gxf3 Kh5 42. b4 Kh4 43. Kg2 h5 44. Bf6+ g5 45. Bc3 Rxf2+ 46. Kxf2 f4 47. b5
g4 48. hxg4 hxg4 49. fxg4 Kxg4 50. b6 {Black resigns} 1-0

[Event "Team 45 45 League T47"]
[Site "Internet Chess Club"]
[Date "2010.11.21"]
[Round "3"]
[White "chesskix"]
[Black "Tjet"]
[Result "0-1"]
[WhiteElo "1430"]
[BlackElo "1547"]
[Opening "QGD Slav: 3.Nf3"]
[ECO "D11"]
[Time "15:00:17"]
[TimeControl "2700+45"]

1. Nf3 d5 2. d4 c6 3. c4 dxc4 4. e4 b5 5. Be2 e6 6. O-O g6 7. a3 Bg7 8. Be3 Ne7
9. Nc3 Bb7 10. Qd2 O-O 11. Bh6 Nd7 12. Rfd1 Nb6 13. Bxg7 Kxg7 14. Qg5 a6 15. Qh4
Ng8 16. Qg3 Qe7 17. Ne5 Nd7 18. Bf3 Nxe5 19. Qxe5+ Qf6 20. Qc5 Qe7 21. Rd2 Qxc5
22. dxc5 Rfd8 23. Rad1 Rxd2 24. Rxd2 Nf6 25. e5 Nd5 26. Nxd5 cxd5 27. Bd1 Rc8
28. b4 cxb3 29. Bxb3 Rxc5 30. f4 a5 31. g3 Rc3 32. Bd1 Rxa3 33. Kf2 Rc3 34. Ra2
a4 35. Be2 Bc6 36. h4 a3 37. h5 b4 38. hxg6 hxg6 39. g4 d4 40. f5 Bd5 41. f6+
Kg8 42. Rd2 a2 43. Rxd4 a1=Q 44. Rxb4 Rc8 {White resigns} 0-1

[Event "Team 45 45 League T47"]
[Site "Internet Chess Club"]
[Date "2010.11.23"]
[Round "3"]
[White "alaskauk"]
[Black "stan-beers"]
[Result "1/2-1/2"]
[WhiteElo "1464"]
[BlackElo "1421"]
[Opening "King's pawn opening"]
[ECO "B07"]
[Time "12:12:46"]
[TimeControl "2700+45"]

1. e4 d6 2. Nf3 Nd7 3. b3 Ngf6 4. Bb2 e5 5. Nc3 c6 6. Be2 Qc7 7. O-O Be7 8. d4
exd4 9. Qxd4 Ne5 10. Nxe5 dxe5 11. Qd3 O-O 12. Bf3 Rd8 13. Qe2 Be6 14. Rad1 Bd6
15. Rd3 h6 16. Rfd1 Be7 17. Qf1 Rxd3 18. cxd3 Rd8 19. Be2 b5 20. Rc1 Qb6 21. Nd1
Bd6 22. Qe1 a5 23. Qc3 c5 24. Qd2 b4 25. Ne3 Qa7 26. Nc4 Bxc4 27. Rxc4 a4 28.
Bd1 a3 29. Ba1 Qe7 30. Qe3 Ne8 31. Qg3 Nc7 32. f4 Ne6 33. fxe5 Bc7 34. Be2 Nd4
35. Bxd4 cxd4 36. Rc2 Bxe5 37. Qf2 Qg5 38. Qf3 Bf4 39. g3 Be3+ 40. Kg2 Qe7 41.
Qf5 Qb7 42. Rc4 g6 43. Qc5 Rb8 44. Qc7 Qb5 45. Qc5 Qa6 46. Qc6 Qa5 47. Qc7 Qb5
48. Rc5 Qe8 49. Rc4 Kg7 50. Qc5 Rb5 51. Qd6 Rg5 52. Qxb4 Qd8 53. Bf3 h5 54. Qb7
h4 55. Rc7 Qf6 56. Rc6 Qe5 57. Qc7 Qb5 58. Rc4 Qe8 59. Rc5 Bf4 60. Qc8 Qe7 61.
Rxg5 Qxg5 62. Qg4 hxg3 63. Qxg5 Bxg5 64. Kxg3 Be7 65. h3 g5 66. Bg4 Kf6 67. Bc8
Ke5 68. Ba6 f5 69. Bb7 f4+ 70. Kf3 Kd6 71. Bc8 Kc5 72. Ke2 Kb4 73. Kd2 Bf6 74.
Bg4 Be5 75. Bf3 Bg7 76. Bg4 Bh6 77. Kc2 {Game drawn by mutual agreement} 1/2-1/2

[Event "Team 45 45 League T47"]
[Site "Internet Chess Club"]
[Date "2010.11.18"]
[Round "3"]
[White "dondel"]
[Black "otib2006"]
[Result "0-1"]
[WhiteElo "1237"]
[BlackElo "1234"]
[Opening "Sicilian"]
[ECO "B50"]
[Time "17:00:14"]
[TimeControl "2700+45"]

1. e4 c5 2. Nf3 d6 3. Bc4 Nf6 4. d3 e6 5. Bg5 Be7 6. Nbd2 a6 7. O-O b5 8. Bb3
Nc6 9. a3 Bd7 10. Re1 O-O 11. Nf1 Na5 12. Ba2 c4 13. dxc4 bxc4 14. b4 cxb3 15.
cxb3 Bc6 16. Ng3 Rb8 17. e5 Nd5 18. Bxe7 Qxe7 19. Nd4 dxe5 20. Rxe5 Qxa3 21.
Nxc6 Nxc6 22. Re1 Rfd8 23. Ne2 Ndb4 24. Qb1 Rd2 25. Nc1 Nc2 26. Re2 Rd1+ {White
resigns} 0-1